 Dungeon Crawl Stone Soup version 0.18.1-5-g4a78601 (webtiles) character file.

106 Zhenya25pyc the Shield-Bearer (level 4, 0/29 HPs)
             Began as a Gargoyle Fighter on May 14, 2016.
             Slain by a gnoll
             ... wielding a +0 halberd
              (7 damage)
             ... on level 3 of the Dungeon.
             The game lasted 00:02:51 (1817 turns).

Zhenya25pyc the Shield-Bearer (Gargoyle Fighter)    Turns: 1817, Time: 00:02:51

Health: 0/29       AC: 13    Str: 20    XL:     4   Next: 84%
Magic:  4/4        EV:  7    Int:  9    God:
Gold:   144        SH:  9    Dex:  9    Spells: 0 memorised, 3 levels left

rFire  . . .     SeeInvis .     q - +0 mace (holy)
rCold  . . .     Gourm    .     b - +0 scale mail
rNeg   + . .     Faith    .     c - +0 shield
rPois  ∞         Spirit   .     o - +2 hat
rElec  +         Dismiss  .     p - +0 cloak
rCorr  .         Reflect  .     (no gloves)
SustAt .         Harm     .     (no boots)
MR     .....                    (no amulet)
Stlth  ..........               (no ring)
                                (no ring)

@: not resistant to hostile enchantments, extremely unstealthy
A: negative energy resistance 1, electricity resistance, unbreathing,
petrification resistance, rot immunity, AC +3
a: no special abilities


You were on level 3 of the Dungeon.
You were not hungry.

You visited 1 branch of the dungeon, and saw 3 of its levels.

You collected 144 gold pieces.

Inventory:

Hand Weapons
 q - a +0 mace of holy wrath (weapon)
Armour
 b - a +0 scale mail (worn)
 c - a +0 shield (worn)
 o - a +2 hat (worn)
 p - a +0 cloak (worn)
Scrolls
 j - 4 scrolls of identify {unknown}
 k - a scroll of teleportation {unknown}
 l - a scroll of random uselessness {unknown}
 n - 2 scrolls of remove curse {unknown}
Potions
 a - a potion of cancellation {unknown}
 d - a potion of might
 e - a potion of haste {unknown}
 h - a potion of cure mutation {unknown}
 i - 2 potions of agility
 m - a potion of heal wounds {unknown}
Comestibles
 f - a bread ration
 g - 2 meat rations
 r - 3 chunks of flesh


   Skills:
 + Level 3.8 Fighting
 * Level 3.2 Maces & Flails
 + Level 4.0 Armour
 + Level 4.1 Shields


You had 3 spell levels left.
You didn't know any spells.

Dungeon Overview and Level Annotations

Branches:
Dungeon (3/15)

Altars:


Innate Abilities, Weirdness & Mutations

You are resistant to torment.
Your stone body is resilient (AC +3).
You are immune to poison.
You resist negative energy.
You are resistant to electric shocks.
You can survive without breathing.
You are immune to petrification.
You are immune to rotting.


Message History

The gnoll closely misses you.
You hit the gnoll.
You kill the gnoll!
The gnoll hits you but does no damage. You block the gnoll's attack.
The gnoll hits you from afar with a spear.
* * * LOW HITPOINT WARNING * * *
You are too injured to fight recklessly!
The adder bites you but does no damage. The gnoll barely misses you.
You are too injured to fight recklessly!
You are too injured to fight recklessly!
You are too injured to fight recklessly!
You are too injured to fight recklessly!
You are too injured to fight recklessly!
You are too injured to fight recklessly!
The adder barely misses you. The adder bites you.
* * * LOW HITPOINT WARNING * * *
The gnoll hits you from afar with a halberd!
You die...

.......##..#.##....g....
......##)......######..
..?.....#....###
#.##.##.###..# #.
#.##g###..#
..####.##.........#
#......<.###g####.#
#.####.#.###S####.#
#.....@......#
#############.. . .#


You could see 2 gnolls and an adder.

Vanquished Creatures
  Crazy Yiuf (D:2)
  An adder (D:2)
  2 gnolls (D:3)
  An ooze (D:2)
  A worm (D:2)
  A dart slug (D:2)
  2 giant geckos
  2 ball pythons
  6 bats (D:1)
  A giant cockroach (D:1)
  5 goblins
  6 hobgoblins
  3 jackals (D:2)
  2 giant newts (D:1)
  4 kobolds
  5 rats
43 creatures vanquished.

Notes
Turn   | Place    | Note
--------------------------------------------------------------
     0 | D:1      | Zhenya25pyc the Gargoyle Fighter began the quest for the Orb.
     0 | D:1      | Reached XP level 1. HP: 14/14 MP: 1/1
   111 | D:1      | Reached XP level 2. HP: 19/19 MP: 2/2
   164 | D:1      | You fall through a shaft!
   301 | D:1      | Reached XP level 3. HP: 19/23 MP: 3/3
  1157 | D:2      | Noticed Crazy Yiuf
  1170 | D:2      | Killed Crazy Yiuf
  1170 | D:2      | Reached XP level 4. HP: 3/29 MP: 4/4
  1569 | D:2      | Noticed an ice beast
  1817 | D:3      | Slain by a gnoll

Skill      XL: |  1  2  3  4 |
---------------+-------------+-----
Shields        | 4 |  4.1
Maces & Flails | 3 |  3.2
Armour         | 4 |  4.0
Fighting       | |  3.8

Action                   |  1- 3 |  4- 6 || total
-------------------------+-------+-------++-------
Melee: Flail             |   101 |     1 ||   102
       Mace              |       |    61 ||    61
  Eat: Chunk             |     1 |     2 ||     3
Armor: Scale mail        |    43 |    37 ||    80
Dodge: Dodged            |    40 |    15 ||    55
Block: Shield            |    47 |    37 ||    84
